 Dungeon Sprint DCSS version 0.28.0-49-g6dfe1f597d (webtiles) character file.

Game seed: 608997415581911931

1795 Revguard the Covert (level 8, -5/68 HPs)
             Began as a Demonspawn Brigand on May 12, 2022.
             Was an Initiate of Dithmenos.
             Slain by a hornet (6 damage)
             ... in the Dungeon (Sprint I: "Red Sonja").
             The game lasted 00:04:55 (891 turns).

Revguard the Covert (Demonspawn Brigand)             Turns: 891, Time: 00:04:55

Health: -5/68      AC:  7    Str: 11    XL:     8   Next: 83%
Magic:  12/12      EV: 14    Int: 13    God:    Dithmenos [......]
Gold:   313        SH:  0    Dex: 17    Spells: 7/7 levels left

rFire   . . .      SeeInvis .   a - +2 dagger
rCold   . . .      Faith    .   (no shield)
rNeg    . . .      Spirit   .   g - +0 ring mail
rPois   .          Reflect  .   (helmet restricted)
rElec   .          Harm     .   c - +0 cloak
rCorr   .          Rampage  .   (no gloves)
Will    .....      NoTele   +   (no boots)
Stlth   +++++.....              (no amulet)
HPRegen 0.21/turn               (no ring)
MPRegen 0.26/turn               (no ring)

@: lethally poisoned (-5 -> -15), slowed, very slow
A: horns 1, magic regeneration, sturdy frame 1
a: Renounce Religion


You were in the Dungeon.
You worshipped Dithmenos.
Dithmenos was noncommittal.
You visited 1 branch You collected 313 gold pieces.

Inventory:

Hand Weapons
 a - a +2 dagger (weapon)
Missiles
 d - 7 poisoned darts (quivered)
Armour
 b - a +0 robe
 c - a +0 cloak (worn)
 g - a +0 ring mail (worn)
 m - a +0 leather armour
Wands
 l - a wand of charming (5)
Scrolls
 j - a scroll of amnesia {unknown}
Potions
 h - a potion of haste
 i - 3 potions of magic


   Skills:
 + Level 7.7 Fighting
 + Level 6.9 Short Blades
 + Level 6.9 Throwing
 + Level 6.8 Armour
 + Level 6.7 Dodging
 * Level 11.1 Stealth
 + Level 5.5 Invocations


You had 7 spell levels left.
You didn't know any spells.
Your spell library was empty.

Dungeon Overview and Level Annotations

Branches:
Dungeon (1/1)

Altars:
Cheibriados
Dithmenos
Elyvilon
Fedhas
Gozag
Hepliaklqana
Kikubaaqudgha
Makhleb
Nemelex Xobeh
Okawaru
Qazlal
Ru
Sif Muna
Trog
Uskayaw
Vehumet
Wu Jian
Xom
Yredelemnul
Zin
The Shining One
Jiyva
Lugonu

Shops:
D :

Annotations:
D Sonja


Innate Abilities, Weirdness & Mutations

You have a pair of small horns on your head.
You regenerate magic rapidly.
Your movements are slightly less encumbered by armour. (ER -2)


Message History

Throw: dart (curare)
Press: ? - help, Q - select action, (/) - cycle Shift-Dir - straight line, f - hornet
Aim: a hornet (purple smoke, 54% to hit)
You throw a curare-tipped dart.
The curare-tipped dart completely misses the hornet.
The hornet closely misses you.
Throw: 8 darts (poison)
Press: ? - help, Q - select action, (/) - cycle Shift-Dir - straight line, f/p - hornet
Aim: a hornet (54% to hit)
You throw a poisoned dart. The poisoned dart hits the hornet.
The hornet is poisoned.
The hornet stings you.
You are poisoned.
You feel yourself slow down.
You closely miss the hornet. Your headbutt misses the hornet.
The hornet is lightly wounded.
You feel yourself speed up.
You feel very sick. The hornet stings you!
You suddenly lose the ability to move!
The hornet stings you!
You shrug off the repeated paralysis!
You feel sick. The hornet stings you!
You feel yourself slow down.
You feel yourself speed up.
You feel sick. The hornet stings you!
* * * LOW HITPOINT WARNING * * *
You feel yourself slow down.
The hornet stings you but does no damage.
You feel yourself speed up.
You feel sick. The hornet stings you!
* * * LOW HITPOINT WARNING * * *
You feel yourself slow down.
You can move again.
You feel better.
The hornet looks more healthy.
The hornet stings you!
* * * LOW HITPOINT WARNING * * *
You are lethally poisoned!
You feel as though you will be slow longer.
The hornet stings you.
* * * LOW HITPOINT WARNING * * *
You feel as though you will be slow longer.
The hornet stings you.
You die...

##############
.'..#.)'..#__#
.#.)'..#..+..+
###'#####'#__####
##..#...#÷####.(####
_####..##)#≈§§§§#§§#
____##'#§.'≈≈§§§@y§#
.∩...'..§_#≈≈§§§#§$#
..__##_.#'##+#####+#
____###+#.# #####
#.### $.$


$K$ ##.## #+# You could see a hornet.

Vanquished Creatures
  2 centaur warriors (D)
  A slime creature (D)
  Sigmund (D)
  A yak (D)
  An ogre (D)
  A jelly (D)
  Ijyb (D)
8 creatures vanquished.

Notes
Turn   | Place    | Note
-------+----------+-------------------------------------------
     0 | D        | Revguard the Demonspawn Brigand began the quest for the
                  | Orb.
     0 | D        | Reached XP level 1. HP: 16/16 MP: 1/1
     1 | D        | Noticed Ijyb
    14 | D        | Killed Ijyb
    15 | D        | Reached skill level 1 in Armour
    15 | D        | Reached skill level 4 in Stealth
    15 | D        | Gained mutation: You regenerate magic rapidly. [demonic
                  | ancestry]
    15 | D        | Reached XP level 2. HP: 12/23 MP: 2/2
   187 | D        | Noticed an ogre
   189 | D        | Killed an ogre
   190 | D        | Reached skill level 6 in Stealth
   190 | D        | Reached XP level 3. HP: 30/30 MP: 3/3
   190 | D        | Reached XP level 4. HP: 37/37 MP: 4/4
   198 | D        | Noticed Sigmund
   210 | D        | Killed Sigmund
   211 | D        | Reached skill level 5 in Fighting
   211 | D        | Reached skill level 7 in Stealth
   211 | D        | Gained mutation: Your movements are slightly less
                  | encumbered by armour. (ER -2) [demonic ancestry]
   211 | D        | Reached XP level 5. HP: 38/44 MP: 5/5
   211 | D        | Reached XP level 6. HP: 44/51 MP: 6/6
   248 | D        | Found a burning altar of Makhleb.
   248 | D        | Found a viscous altar of Jiyva.
   248 | D        | Found a shimmering altar of Xom.
   248 | D        | Found a corrupted altar of Lugonu.
   248 | D        | Noticed a slime creature
   266 | D        | Killed a slime creature
   267 | D        | Reached skill level 5 in Short Blades
   267 | D        | Reached skill level 5 in Throwing
   267 | D        | Reached skill level 5 in Dodging
   267 | D        | Reached skill level 8 in Stealth
   554 | D        | Found an ornate altar of the Wu Jian Council.
   554 | D        | Found a shimmering blue altar of Sif Muna.
   556 | D        | Found a radiant altar of Vehumet.
   561 | D        | Reached skill level 5 in Armour
   585 | D        | Found Sepetzu's Book Emporium.
   585 | D        | Found an ancient bone altar of Kikubaaqudgha.
   585 | D        | Found a hazy altar of Hepliaklqana.
   585 | D        | Found a stormy altar of Qazlal.
   585 | D        | Found a hide-covered altar of Uskayaw.
   585 | D        | Found a blossoming altar of Fedhas.
   585 | D        | Found a bloodstained altar of Trog.
   585 | D        | Found an iron altar of Okawaru.
   585 | D        | Found a basalt altar of Yredelemnul.
   585 | D        | Found a snail-covered altar of Cheibriados.
   585 | D        | Found a sacrificial altar of Ru.
   585 | D        | Found a shadowy altar of Dithmenos.
   585 | D        | Noticed a yak
   602 | D        | Killed a yak
   603 | D        | Reached skill level 9 in Stealth
   603 | D        | Gained mutation: You have a pair of small horns on your
                  | head. [demonic ancestry]
   603 | D        | Reached XP level 7. HP: 18/58 MP: 7/7
   611 | D        | Found an opulent altar of Gozag.
   613 | D        | Found a sparkling altar of Nemelex Xobeh.
   811 | D        | Became a worshipper of Dithmenos the Shadowed
   845 | D        | Noticed Sonja
   855 | D        | Noticed a centaur warrior
   857 | D        | Noticed a centaur warrior
   861 | D        | Killed a centaur warrior
   862 | D        | Reached skill level 10 in Stealth
   862 | D        | Reached XP level 8. HP: 67/67 MP: 7/11
   862 | D        | Killed a centaur warrior
   863 | D        | Reached skill level 11 in Stealth
   863 | D        | Reached skill level 5 in Invocations
   883 | D        | Noticed a hornet
   887 | D        | Paralysed by a hornet for 3 turns
   890 | D        | HP: 3/68 [hornet (8)]
   891 | D        | HP: 1/68 [hornet (4)]
   891 | D        | Slain by a hornet

Illustrated notes

Levels and vault maps discovered:
D:        dungeon_sprint_1 [red_sonja_temple_1, red_sonja_temple_small_1]

Skill      XL: |  1  2  3  4  5  6  7  8 |
---------------+-------------------------+-----
Short Blades   | 2 3 4 5 6 |  6.9
Throwing       | 2 3 4 5 6 |  6.9
Armour         | 1 3 4 5 6 |  6.8
Dodging        | 2 3 4 5 6 |  6.7
Stealth        | 4 6 7 9 10 11 | 11.1
Fighting       | 3 5 6 7 |  7.7
Invocations    | 4 5 |  5.5

Action                   |  1- 3 |  4- 6 |  7- 9 || total
-------------------------+-------+-------+-------++-------
Melee: Dagger            |     5 |    25 |     3 ||    33
Throw: Dart              |     2 |    11 |     2 ||    15
  Use: Potion            |       |     2 |     1 ||     3
       Scroll            |       |       |     1 ||     1
 Stab: Sleeping          |     1 |     1 |     2 ||     4
Armor: Leather armour    |       |     1 |       ||     1
       Ring mail         |       |       |     1 ||     1
Dodge: Dodged            |     3 |     9 |     1 ||    13
